[ AOE2 MATCH · #506044832 ]
UnrankedBulgarians vs Mongols
Rival team · LOSS
[ REPLAY ANALYSIS · EXTRACTED FROM THE RECORDED GAME ]
Feudal
9:27
Castle
—
Imperial
—
| APM avg | 65.3 |
| APM peak | 122 |
| eAPM avg | 26.7 |
| Villagers / military | 54 / 5 |
Focus
⚔️ 42.0% · 🌾 58.0%
Militia ×5
Feudal
—
Castle
—
Imperial
—
| APM avg | 41.9 |
| APM peak | 90 |
| eAPM avg | 19.0 |
| Villagers / military | 36 / 0 |
Focus
⚔️ 34.2% · 🌾 65.8%
Match map
Initial resources + every placement click. Lines = walls · curves = elevation contours. ◆ gold · ⬟ stone · ● berries · ✦ relic · ◌ wall gap
Your base· Open — unwalled flank
Redwood MC9's base· Open — unwalled flank
Smoothed initial terrain · ◌ = detected wall gap · hover for details
Inputs per minute
— thankyou9527 - - Redwood MC9
Build order — thankyou9527
88 actions detected in the replay
| 0:00 | Create | Villager (Male) |
| 0:01 | Create | Villager (Male) |
| 0:01 | Create | Villager (Male) |
| 0:01 | Create | Villager (Male) |
| 0:02 | Build | House |
| 0:04 | Build | House |
| 1:27 | Create | Villager (Male) |
| 1:27 | Create | Villager (Male) |
| 2:02 | Create | Villager (Male) |
| 2:02 | Create | Villager (Male) |
| 2:28 | Create | Villager (Male) |
| 2:28 | Create | Villager (Male) |
| 2:28 | Create | Villager (Male) |
| 2:38 | Create | Villager (Male) |
| 2:38 | Create | Villager (Male) |
| 2:38 | Create | Villager (Male) |
| 3:03 | Build | Lumber Camp |
| 3:16 | Create | Villager (Male) |
| 3:16 | Create | Villager (Male) |
| 3:47 | Create | Villager (Male) |
| 3:48 | Create | Villager (Male) |
| 3:48 | Create | Villager (Male) |
| 4:00 | Create | Villager (Male) |
| 4:00 | Create | Villager (Male) |
| 4:22 | Build | House |
| 5:06 | Create | Villager (Male) |
| 5:07 | Create | Villager (Male) |
| 5:07 | Create | Villager (Male) |
| 5:10 | Create | Villager (Male) |
| 5:53 | Build | Barracks |
| 6:03 | Research | Loom |
| 6:48 | Build | House |
| 7:10 | Build | Palisade Wall |
| 7:12 | Build | Palisade Wall |
| 7:17 | Research | Feudal Age |
| 7:17 | Research | Feudal Age |
| 7:26 | Build | Mill |
| 7:36 | Build | Palisade Wall |
| 7:41 | Create | Militia |
| 7:41 | Create | Militia |
| 9:06 | Build | House |
| 9:19 | Build | House |
| 9:27 | Age | Feudal Age |
| 9:27 | Create | Militia |
| 9:27 | Create | Militia |
| 10:57 | Create | Villager (Male) |
| 10:57 | Create | Villager (Male) |
| 10:57 | Create | Villager (Male) |
| 12:02 | Build | Archery Range |
| 12:27 | Create | Villager (Male) |
| 12:27 | Create | Villager (Male) |
| 12:55 | Create | Villager (Male) |
| 12:55 | Create | Villager (Male) |
| 13:12 | Build | Palisade Wall |
| 13:15 | Build | Palisade Wall |
| 13:19 | Create | Villager (Male) |
| 13:19 | Create | Villager (Male) |
| 13:20 | Create | Villager (Male) |
| 13:20 | Create | Villager (Male) |
| 13:20 | Create | Villager (Male) |
| 13:47 | Build | Mining Camp |
| 13:49 | Create | Villager (Male) |
| 13:49 | Create | Villager (Male) |
| 14:25 | Build | Mill |
| 14:37 | Build | Watch Tower |
| 14:39 | Create | Villager (Male) |
| 14:39 | Create | Villager (Male) |
| 15:02 | Create | Militia |
| 16:30 | Build | House |
| 16:32 | Build | House |
| 16:38 | Build | House |
| 16:39 | Build | Palisade Wall |
| 16:41 | Build | Palisade Wall |
| 17:02 | Build | Palisade Wall |
| 17:19 | Create | Villager (Male) |
| 17:19 | Create | Villager (Male) |
| 17:19 | Create | Villager (Male) |
| 17:19 | Create | Villager (Male) |
| 17:20 | Create | Villager (Male) |
| 17:20 | Create | Villager (Male) |
| 17:20 | Create | Villager (Male) |
| 17:35 | Build | Mining Camp |
| 18:15 | Create | Villager (Male) |
| 18:15 | Create | Villager (Male) |
| 18:15 | Create | Villager (Male) |
| 18:16 | Create | Villager (Male) |
| 18:59 | Create | Villager (Male) |
| 18:59 | Create | Villager (Male) |
Build order — Redwood MC9
60 actions detected in the replay
| 0:00 | Create | Villager (Male) |
| 0:00 | Create | Villager (Male) |
| 0:01 | Create | Villager (Male) |
| 0:02 | Build | House |
| 0:03 | Build | House |
| 0:47 | Create | Villager (Male) |
| 1:29 | Build | Palisade Gate |
| 1:43 | Create | Villager (Male) |
| 1:44 | Create | Villager (Male) |
| 1:56 | Create | Villager (Male) |
| 2:08 | Build | Lumber Camp |
| 2:28 | Create | Villager (Male) |
| 2:28 | Create | Villager (Male) |
| 2:40 | Create | Villager (Male) |
| 2:40 | Create | Villager (Male) |
| 3:03 | Create | Villager (Male) |
| 3:03 | Create | Villager (Male) |
| 3:16 | Build | House |
| 3:27 | Create | Villager (Male) |
| 3:53 | Build | House |
| 4:05 | Create | Villager (Male) ×3 |
| 4:05 | Create | Villager (Male) ×3 |
| 4:44 | Build | Mill |
| 4:45 | Build | Palisade Wall |
| 4:48 | Build | Palisade Wall |
| 5:23 | Create | Villager (Male) |
| 5:45 | Research | Loom |
| 5:45 | Create | Villager (Male) |
| 5:46 | Create | Villager (Male) |
| 5:53 | Build | House |
| 5:55 | Build | Palisade Wall |
| 6:05 | Create | Villager (Male) |
| 7:37 | Build | Town Center |
| 7:43 | Build | House |
| 7:45 | Build | Palisade Wall |
| 7:47 | Build | House |
| 7:48 | Build | Palisade Wall |
| 8:01 | Build | Palisade Wall |
| 9:10 | Create | Villager (Male) ×5 |
| 9:10 | Create | Villager (Male) ×5 |
| 9:10 | Create | Villager (Male) |
| 9:36 | Build | Palisade Wall |
| 9:37 | Build | Palisade Wall |
| 11:39 | Build | Palisade Wall |
| 11:40 | Build | Palisade Wall |
| 11:41 | Build | Palisade Wall |
| 11:42 | Build | Palisade Wall |
| 12:54 | Build | Lumber Camp |
| 14:35 | Build | Town Center |
| 14:39 | Build | Palisade Gate |
| 14:43 | Build | House |
| 15:13 | Build | House |
| 15:15 | Build | Palisade Wall |
| 15:15 | Build | Palisade Wall |
| 15:25 | Build | Palisade Wall |
| 15:49 | Build | Palisade Wall |
| 15:51 | Build | Palisade Wall |
| 16:26 | Create | Villager (Male) |
| 16:41 | Build | Palisade Wall |
| 16:45 | Build | Palisade Wall |
Match timeline
| 4:45 | Redwood MC9 · wall_segment Palisade Wall x1 |
| 4:48 | Redwood MC9 · wall_segment Palisade Wall x4 |
| 5:53 | thankyou9527 · first_building Barracks |
| 5:55 | Redwood MC9 · wall_segment Palisade Wall x4 |
| 7:10 | thankyou9527 · wall_segment Palisade Wall x1 |
| 7:12 | thankyou9527 · wall_segment Palisade Wall x1 |
| 7:36 | thankyou9527 · wall_segment Palisade Wall x1 |
| 7:45 | Redwood MC9 · wall_segment Palisade Wall x1 |
| 7:48 | Redwood MC9 · wall_segment Palisade Wall x1 |
| 8:01 | Redwood MC9 · wall_segment Palisade Wall x2 |
| 9:27 | thankyou9527 · age_up feudal |
| 9:36 | Redwood MC9 · wall_segment Palisade Wall x1 |
| 9:37 | Redwood MC9 · wall_segment Palisade Wall x1 |
| 11:39 | Redwood MC9 · wall_segment Palisade Wall x1 |
| 11:40 | Redwood MC9 · wall_segment Palisade Wall x1 |
| 11:41 | Redwood MC9 · wall_segment Palisade Wall x1 |
| 11:42 | Redwood MC9 · wall_segment Palisade Wall x1 |
| 12:02 | thankyou9527 · first_building Archery Range |
| 13:12 | thankyou9527 · wall_segment Palisade Wall x2 |
| 13:15 | thankyou9527 · wall_segment Palisade Wall x6 |
| 15:15 | Redwood MC9 · wall_segment Palisade Wall x9 |
| 15:15 | Redwood MC9 · wall_segment Palisade Wall x1 |
| 15:25 | Redwood MC9 · wall_segment Palisade Wall x1 |
| 15:49 | Redwood MC9 · wall_segment Palisade Wall x1 |
| 15:51 | Redwood MC9 · wall_segment Palisade Wall x1 |
| 16:39 | thankyou9527 · wall_segment Palisade Wall x1 |
| 16:41 | Redwood MC9 · wall_segment Palisade Wall x1 |
| 16:41 | thankyou9527 · wall_segment Palisade Wall x1 |
| 16:45 | Redwood MC9 · wall_segment Palisade Wall x1 |
| 17:02 | thankyou9527 · wall_segment Palisade Wall x1 |
| 20:46 | Redwood MC9 · resign |
[ AI ANALYSIS · 1 CREDIT ]
What really happened in this match?
Wolo.gg analyzes every decision: build order, eco, micro, common mistakes by bracket. Personalized analysis on WhatsApp or Discord in 30 seconds.
Civ guide
Bulgarians
Perfil
Jugador #5757611